 Dungeon Crawl Stone Soup version 0.27-a0-1442-g87b6fcb595 (webtiles) character file.

Game seed: 2100808387188473113

114 barkas the Cudgeller (level 4, -3/41 (44) HPs)
             Began as a Naga Monk on July 4, 2021.
             Slain by an orc (4 damage)
             ... on level 3 of the Dungeon.
             The game lasted 00:02:32 (2653 turns).

barkas the Cudgeller (Naga Monk)                    Turns: 2653, Time: 00:02:32

HP:   -3/41 (44)    AC:  7    Str: 14    XL:     4   Next: 97%
MP:   4/4           EV:  6    Int: 10    God:
Gold: 93            SH: 10    Dex: 14    Spells: 3/3 levels left

rFire    . . .     SeeInvis +   a - +3 whip (drain)
rCold    . . .     Faith    .   m - +2 kite shield
rNeg     . . .     Spirit   .   l - +0 ring mail
rPois    +         Reflect  .   (no helmet)
rElec    .         Harm     .   (no cloak)
rCorr    .         Rampage  .   (no gloves)
Will     .....                  (no barding)
Stlth    ++........             (no amulet)
HPRegen  0.13/turn              g - +4 ring of protection
MPRegen  0.09/turn              (no ring)

@: drained, very slow
A: AC +1, large, see invisible, deformed body, poison resistance, slowness 2,
spit poison 1, naga tail 1
a: Spit Poison


You were on level 3 of the Dungeon.
You visited 1 branch of the dungeon, and saw 3 of its levels.

You collected 93 gold pieces.

Inventory:

Hand Weapons
 a - a +3 whip of draining (weapon)
Armour
 b - a +0 robe
 j - a +0 plate armour
 l - a +0 ring mail (worn)
 m - a +2 kite shield (worn)
 s - a +0 tower shield
Jewellery
 g - a +4 ring of protection (left hand)
 u - an amulet of faith
Scrolls
 c - 2 scrolls of teleportation {unknown}
 f - a scroll of enchant weapon {unknown}
 h - a scroll of magic mapping {unknown}
 i - a scroll of fear {unknown}
 k - a scroll of fog {unknown}
 n - a scroll of noise {unknown}
 q - 3 scrolls of identify {unknown}
 t - a scroll of vulnerability {unknown}
Potions
 d - 2 potions of might {unknown}
 e - a potion of flight {unknown}
 o - a potion of lignification {unknown}
 p - 2 potions of curing {unknown}
 r - 2 potions of resistance {unknown}


   Skills:
 + Level 3.7 Fighting
 * Level 4.5 Maces & Flails
 - Level 2.4 Dodging
 - Level 3.0 Stealth
 * Level 1.4 Shields


You had 3 spell levels left.
You didn't know any spells.
Your spell library contained the following spells:

 Spells                   Type           Power      Damage    Failure   Level
 Animate Skeleton         Necr           0%         N/A       99%         1
 Apportation              Tloc           0%         N/A       99%         1
 Corona                   Hex            0%         N/A       99%         1
 Summon Small Mammal      Summ           0%         N/A       99%         1


Dungeon Overview and Level Annotations

Branches:
Dungeon (3/15)

Altars:
Kikubaaqudgha
Uskayaw


Innate Abilities, Weirdness & Mutations

Your serpentine skin is tough. (AC +1)
You have supernaturally acute eyesight. (SInv)
Armour fits poorly on your strangely shaped body.
Your system is resistant to poisons. (rPois)
You cover ground very slowly.
You can spit poison.
You have a snake-like lower body.


Message History

You hit the orc.
You kill the orc!
The orc hits you but does no damage. The orc hits you with a +0 hand axe.
Unknown command.
You hit the orc but do no damage. You block the orc's attack.
The orc closely misses you.
You hit the orc but do no damage. You drain the orc.
The orc is heavily wounded.
You block the orc's attack. The orc hits you but does no damage.
You block the orc's attack. The orc hits you but does no damage.
You hit the orc but do no damage. You drain the orc.
The orc is almost dead.
The orc hits you but does no damage. You block the orc's attack.
You hit the orc but do no damage.
The orc is almost dead.
The orc closely misses you. The orc hits you but does no damage.
You hit the orc.
You kill the orc!
The orc hits you with a +0 hand axe.
* * * LOW HITPOINT WARNING * * *
Press: ? - help, Shift-Dir - straight line, f - orc
Aim: an orc, wielding a +0 hand axe and wearing a +0 ring mail The splash of poison misses the orc.
The orc hits you with a +0 hand axe.
* * * LOW HITPOINT WARNING * * *
Unknown command.
You hit the orc but do no damage. You block the orc's attack.
You hit the orc but do no damage. You drain the orc.
The orc is moderately wounded.
The orc hits you with a +0 hand axe.
* * * LOW HITPOINT WARNING * * *
Okay, then.
Unknown command.
Your shield prevents you from hitting the orc.
The orc is moderately wounded.
You have got your breath back.
You block the orc's attack.
You closely miss the orc.
The orc is moderately wounded.
The orc hits you with a +0 hand axe.
You die...

#.........≈≈≈≈..##. ..
#...#....##....####
....###...#....#.....####
......>..................
....###...#....#.........
>........#...###..#######
...####.#.(.# #..# ...##
##....o.....# #..#._≈...
#....)@....# ...#...≈..
#....))....##...#...≈.≈
#..........##...##..≈≈≈
#........####...##..≈≈≈
#........# #...#...≈≈≈
....#####.. ..⌠.≈.. ....
#.. ....... ### ...
#...... #......


You could see an orc (drained).

Vanquished Creatures
  5 adders
  A worm (D:3)
  3 dart slugs
  4 orcs (D:3)
  5 endoplasms
  3 giant cockroaches
  3 goblins
  4 hobgoblins
  2 jackals (D:3)
  6 quokkas
  5 ball pythons
  3 bats
  3 frilled lizards (D:2)
  6 kobolds
  A rat (D:2)
54 creatures vanquished.

Notes
Turn   | Place    | Note
-------+----------+-------------------------------------------
     0 | D:1      | barkas the Naga Monk began the quest for the Orb.
     0 | D:1      | Reached XP level 1. HP: 21/21 MP: 1/1
   146 | D:1      | Found a hide-covered altar of Uskayaw.
   406 | D:1      | Reached XP level 2. HP: 28/28 MP: 2/2
  1185 | D:2      | Reached XP level 3. HP: 28/34 MP: 3/3
  1656 | D:2      | Reached skill level 4 in Maces & Flails
  2020 | D:2      | Found a faded altar of an unknown god.
  2139 | D:2      | Reached XP level 4. HP: 32/36 MP: 4/4
  2400 | D:3      | Reached skill level 1 in Shields
  2559 | D:3      | Found an ancient bone altar of Kikubaaqudgha.
  2651 | D:3      | HP: 1/41 [orc (6)]
  2653 | D:3      | Slain by an orc

Illustrated notes

Levels and vault maps discovered:
D:1:      dpeg_arrival_radiant, layout_loops_corners, kennysheep_flooded_box
D:2:      layout_basic, hellmonk_ecumenical_altar_heavens_door,
          minmay_three_crescents
D:3:      layout_basic, kiku_gazebo_pond_becter,
          nicolae_ru_the_path_less_chosen, serial_rivers,
          chequers_serial_rivers_large_a, chequers_serial_rivers_micro_a,
          chequers_serial_rivers_micro_d, chequers_serial_rivers_small_3,
          chequers_serial_rivers_micro_c, chequers_serial_rivers_room_a

Skill      XL: |  1  2  3  4 |
---------------+-------------+-----
Maces & Flails | 4 |  4.5
Shields        | 1 |  1.4
Fighting       | |  3.7
Dodging        | |  2.4
Stealth        | |  3.0

Action                   |  1- 3 |  4- 6 || total
-------------------------+-------+-------++-------
Melee: Mace              |    66 |       ||    66
       Whip              |     9 |    51 ||    60
 Abil: Spit Poison       |    23 |     9 ||    32
 Stab: Sleeping          |     2 |     1 ||     3
Armor: Robe              |    20 |       ||    20
       Ring mail         |    13 |    21 ||    34
Dodge: Dodged            |    30 |    19 ||    49
Block: Kite shield       |    21 |    28 ||    49

Table legend: (Time is in decaauts)
 A = Elapsed time spent in this place.
 B = Non-inter-level travel time spent in this place.
 C = Inter-level travel time spent in this place.
 D = Time resting spent in this place.
 E = Time spent auto-exploring this place.
 F = Levels seen in this place.
 G = Mean time per level.
                   A        B        C        D        E       F      G
               +--------+--------+--------+--------+--------+-----+--------+
         Total |   3398 |   3309 |     89 |      0 |   2850 |   3 | 1132.7 |
       Dungeon |   3398 |   3309 |     89 |      0 |   2850 |   3 | 1132.7 |
               +--------+--------+--------+--------+--------+-----+--------+

Top non-repeatable levels by time:
     D:1: 1488 daAuts
     D:2: 1460 daAuts
     D:3: 448 daAuts
